Map: King's Cove LE

Players

CXI - Winner!

  • Race: Zerg Zerg
  • League: Platinum
  • Spawn Location: 5:00

DRTC

  • Race: Zerg Zerg
  • League: Platinum
  • Spawn Location: 11:00

VOD

Have the link to the VOD?

Description

Time

  • Played on: June 11, 2019, 11:46 p.m.
  • Length: 10:09
Show
View Real Time Build Order
Export as new Build Order

CXI Zerg - Winner!

Build Orders: Hatch First 

Get SALT Encoding   

  12  0:01  Drone  
  13  0:13  Overlord  
  13  0:18  Drone  
  14  0:31  Drone x2  
  16  0:53  Hatchery  
  16  0:56  Drone  
  16  0:59  Drone  
  16  1:03  Drone  
  18  1:06  Extractor  
  17  1:21  Spawning Pool  
  17  1:24  Drone  
  17  1:29  Drone  
  18  1:35  Overlord  
  18  2:08  Zergling x8  
  20  2:15  Queen  
  22  2:19  Queen  
  26  2:36  Drone  
  26  2:37  Drone x2  
  29  3:11  Queen  
  31  3:13  Drone  
  31  3:16  Hatchery  
  31  3:26  Roach Warren  
  27  3:38  Drone x2  
  27  3:39  Drone x4  
  33  3:53  Overlord  
  33  4:06  Roach  
  35  4:10  Overlord x2  
  35  4:25  Roach x4  
  35  4:29  Queen  
  35  4:31  Drone x4  
  49  4:41  Drone x4  
  53  4:54  Lair  
  53  5:06  Extractor, Roach x6  
  64  5:12  Drone  
  64  5:14  Overlord x2  
  65  5:22  Overlord  
  65  5:29  Overlord  
  65  5:32  Extractor  
  64  5:38  Drone  
  64  5:39  Drone x7  
  64  5:41  Evolution Chamber  
  71  5:57  Roach  
  71  5:58  Roach x5  
  83  6:11  Evolution Chamber  
  82  6:15  Extractor, Zerg Missile Weapons Level 1  
  80  6:24  Roach x6  
  80  6:25  Roach  
  92  6:32  Roach x2  
  94  6:43  Overlord  
  94  6:49  Roach x2  
  98  7:05  Roach x3  
  98  7:06  Roach  
  98  7:08  Overlord x3  
  106  7:20  Overlord x2  
  106  7:35  Roach x5  
  106  7:36  Roach x4  
  122  7:47  Drone x4  
  124  8:01  Roach x6  
  136  8:10  Roach x3  
  142  8:23  Drone x3  
  142  8:24  Drone  
  146  8:29  Overlord  
  146  8:34  Glial Reconstitution  
  146  8:39  Overlord  
  146  8:41  Overlord  
  142  8:54  Roach  
  142  8:55  Roach x6  
  130  9:04  Roach x4  
  128  9:14  Roach x4  
  126  9:27  Roach x5  
  126  9:28  Roach  
  136  9:45  Roach x7  
Show
View Real Time Build Order
Export as new Build Order

DRTC Zerg 

Build Orders: Hatch First 

Get SALT Encoding   

  12  0:01  Drone  
  13  0:14  Overlord  
  13  0:18  Drone  
  14  0:33  Drone x2  
  16  0:37  Drone  
  17  0:56  Hatchery  
  16  0:58  Drone  
  16  1:01  Drone  
  18  1:17  Spawning Pool  
  17  1:20  Drone  
  17  1:21  Drone  
  19  1:31  Drone  
  20  1:41  Extractor  
  20  1:42  Drone  
  20  1:52  Drone  
  21  2:05  Spine Crawler  
  21  2:06  Overlord  
  20  2:10  Drone  
  20  2:15  Queen  
  23  2:17  Queen  
  26  2:22  Drone  
  26  2:23  Drone  
  27  2:37  Zergling x2, Spine Crawler  
  27  2:38  Zergling x4, Spine Crawler  
  28  2:46  Spine Crawler  
  28  2:49  Zergling x4  
  29  2:53  Drone  
  30  3:00  Overlord  
  30  3:06  Zergling x2  
  31  3:18  Overlord x2  
  31  3:35  Drone x3  
  31  3:36  Drone x2  
  36  3:55  Queen  
  36  3:56  Hatchery  
  37  4:14  Drone  
  37  4:15  Drone x7  
  37  4:16  Drone x4  
  49  4:26  Drone  
  50  4:39  Drone  
  50  4:40  Overlord x2  
  50  4:44  Extractor  
  50  4:45  Extractor  
  49  4:52  Extractor  
  48  4:53  Zergling x8  
  52  5:00  Zergling x2  
  53  5:13  Baneling Nest  
  52  5:15  Zergling x12  
  58  5:21  Zergling x2  
  58  5:22  Zergling x6  
  62  5:30  Zergling x6  
  62  5:32  Metabolic Boost  
  65  5:44  Drone x3  
  68  5:52  Overlord x2  
  68  5:53  Zergling x6  
  68  5:54  Zergling x6  
  74  6:09  Spine Crawler  
  74  6:10  Spine Crawler  
  70  6:23  Zergling x28  
  84  6:41  Roach Warren  
  83  6:49  Lair  
  83  7:18  Drone  
  83  7:19  Drone x6  
  83  7:22  Overlord x9  
  85  7:47  Roach  
  85  7:48  Roach x8  
  85  7:49  Roach  
  77  8:18  Roach  
  77  8:19  Roach x8  
  91  8:33  Spine Crawler x2  
  89  8:36  Spine Crawler  
  89  8:39  Roach  
  89  8:40  Roach x2, Spine Crawler  
  58  9:12  Roach x2  
  58  9:13  Roach x12  
  72  9:24  Roach x3  
Tags
 
Add a new tag
Caveats
  • Supply blocks, unpowered buildings, or Contaminate may cause inaccurate times.
  • Supply counts are checked every 10 seconds.